 Dungeon Crawl Stone Soup version 0.19-a0-1097-g38e3b35 (webtiles) character file.

25408 Marenglen the Zephyrmancer (level 12, -2/82 HPs)
             Began as a High Elf Air Elementalist on Aug 8, 2016.
             Was a High Priest of Yredelemnul.
             Slain by a troll (3 damage)
             ... on level 1 of the Orcish Mines.
             The game lasted 01:20:26 (22170 turns).

Marenglen the Zephyrmancer (HEAE)                  Turns: 22170, Time: 01:20:27

Health: -2/82      AC: 12    Str:  7    XL:     12   Next: 89%
Magic:  22/25      EV: 16    Int: 34    God:    Yredelemnul [*****.]
Gold:   817        SH:  0    Dex: 17    Spells: 6 memorised, 8 levels left

rFire  . . .     SeeInvis +     a - +0 long sword (venom)
rCold  . . .     Gourm    .     L - +2 robe {MR+}
rNeg   . . .     Faith    .     (no shield)
rPois  .         Spirit   .     M - +2 hat
rElec  .         Dismiss  .     y - +2 cloak
rCorr  .         Reflect  .     z - +2 pair of gloves
SustAt .         Harm     .     (no boots)
MR     ++...                    s - amulet of magic regeneration
Stlth  ++........               I - ring of see invisible
                                H - +5 ring of intelligence

@: brilliant, swift (expiring), repel missiles, drained, quick
A: no striking features
a: Recall Undead Slaves, Injury Mirror, Animate Dead, Drain Life, Enslave Soul,
Renounce Religion


You were on level 1 of the Orcish Mines.
You worshipped Yredelemnul.
Yredelemnul was extremely pleased with you.
You were not hungry.

You visited 3 branches of the dungeon, and saw 16 of its levels.
You also visited: Labyrinth.

You collected 817 gold pieces.

Inventory:

Hand Weapons
 a - a +0 long sword of venom (weapon)
Missiles
 j - 6 javelins of returning (quivered)
 o - 2 throwing nets
 t - 6 tomahawks of dispersal
Armour
 y - a +2 cloak (worn)
 z - a +2 pair of gloves (worn)
 L - a +2 robe of magic resistance (worn)
 M - a +2 hat (worn)
 P - the +1 scale mail of the Thirsty Places {rPois Dex+4 Slay+3, unknown}
   (You found it in a labyrinth)

   It affects your dexterity (+4).
   It affects your accuracy and damage with ranged weapons and melee attacks
   (+3).
   It protects you from poison.
Rods
 Z - a +1 rod of inaccuracy (10/10)
   (You found it on level 3 of the Lair of Beasts)
Jewellery
 s - an amulet of magic regeneration (around neck)
 H - a +5 ring of intelligence (left hand)
 I - a ring of see invisible (right hand)
 R - a +5 ring of dexterity
 S - an uncursed ring of protection from cold
Wands
 h - a wand of iceblast (1/15)
 v - a wand of iceblast (0/15)
 E - a wand of iceblast (0/15)
 F - a wand of iceblast (6/15)
 Q - a wand of flame (18/48)
 U - a wand of confusion (8/48)
 W - a wand of paralysis (0/24)
Scrolls
 i - 3 scrolls of fog
 l - 6 scrolls of remove curse
 m - 4 scrolls of recharging
 p - 2 scrolls of enchant armour
 r - 2 scrolls of immolation
 w - 4 scrolls of amnesia
 D - a scroll of magic mapping
Potions
 q - a potion of brilliance
 A - 2 potions of lignification {unknown}
 B - a potion of magic
 C - a potion of haste {unknown}
 G - 2 potions of ambrosia {unknown}
 J - 2 potions of heal wounds {unknown}
 K - 2 potions of mutation
 N - 2 potions of might
 O - a potion of cancellation {unknown}
 T - a potion of flight {unknown}
Books
 b - a book of Air

   Spells                             Type                      Level
   a - Shock                          Conjuration/Air              1
   b - Swiftness                      Charms/Air                   2
   c - Repel Missiles                 Charms/Air                   2
   d - Static Discharge               Conjuration/Air              3
   e - Lightning Bolt                 Conjuration/Air              5
 e - an Akashic Record

   Spells                             Type                      Level
   a - Dispersal                      Translocation                6
   b - Malign Gateway                 Summoning/Translocation      7
   c - Disjunction                    Translocation                8
   d - Controlled Blink               Translocation                8
 X - the Almanac of the Shifting Entourage
   (You found it in a labyrinth)

   Spells                             Type                      Level
   a - Summon Butterflies             Summoning                    1
   b - Summon Small Mammal            Summoning                    1
   c - Call Canine Familiar           Summoning                    3
   d - Irradiate                      Conjuration/Transmutation    5
   e - Dragon's Call                  Summoning                    9
 Y - the Handbook of Enchanting Cold
   (You found it in a labyrinth)

   Spells                             Type                      Level
   a - Dazzling Spray                 Conjuration/Hexes            3
   b - Gell's Gravitas                Hexes/Translocation          3
   c - Freezing Cloud                 Conjuration/Ice/Air          6
   d - Ozocubu's Refrigeration        Ice                          6
Comestibles
 c - 4 bread rations
 d - 2 meat rations
 f - 20 fruits
 g - 4 chunks of flesh
 n - 10 beef jerkies
 u - 5 slices of pizza


   Skills:
 - Level 7.9(6.6) Fighting
 - Level 10.0(8.7) Long Blades
 + Level 7.3(6.1) Dodging
 - Level 2.1(1.1) Stealth
 - Level 8.0(6.7) Spellcasting
 - Level 9.0(7.7) Conjurations
 - Level 2.2(1.1) Charms
 * Level 5.7(4.5) Ice Magic
 - Level 12.0(10.6) Air Magic
 - Level 9.1(7.8) Invocations


You had 8 spell levels left.
You knew the following spells:

 Your Spells              Type           Power        Failure   Level  Hunger
a - Shock                 Conj/Air       ####         1%          1    None
b - Swiftness             Chrm/Air       ######..     1%          2    None
c - Lightning Bolt        Conj/Air       #######...   1%          5    ####...
d - Static Discharge      Conj/Air       #######.     1%          3    None
e - Freezing Cloud        Conj/Ice/Air   ######....   3%          6    ######.
r - Repel Missiles        Chrm/Air       ######       1%          2    None


Dungeon Overview and Level Annotations

Branches:
Dungeon (9/15)             Temple (0/1) D:7            Lair (6/6) D:9
  Swamp (0/4) Lair:4       Spider (0/4) Lair:3        Slime (0/5) Lair:5
    Orc (1/2) D:9

Altars:
Ashenzari
Cheibriados
Dithmenos
Gozag
Hepliaklqana
Kikubaaqudgha
Nemelex Xobeh
Okawaru
Pakellas
Ru
Sif Muna
Vehumet
Xom
Yredelemnul

Annotations:
Lair:2 exclusion: oklob plant
Lair:5 exclusion: oklob plant


Message History

The rust devil barely misses you.
You riposte.
You hit the rust devil but do no damage.
The rust devil disappears in a puff of smoke!
You see here 17 gold pieces.
You feel better.
The orc sorcerer mumbles some strange words.
The orc sorcerer casts a spell at you. The bolt of negative energy hits you!
You feel drained.
* * * LOW HITPOINT WARNING * * *
Unknown command.
It was a potion of brilliance.
You feel clever all of a sudden. The orange demon barely misses you.
You riposte.
You hit the orange demon.
The orange demon is lightly wounded.
The orange demon barely misses you.
The orc sorcerer points at you and mumbles some strange words.
The bolt of fire misses you. The troll bites you but does no damage.
The troll claws you.
You die...
Your body rises from the dead as a mindless zombie.

########
####.##..$## ##
##.#...$....##.##
#...#...T@..#...#
##....ยง.$.4.<..#
#..$.......)..#
##..$.#..o.#.....
###.####.......##
### #........#
#...$..>.#
........##
#.........


You could see an orange demon, a troll and an orc sorcerer.

Vanquished Creatures
  A minotaur (Lab)
  A death yak (Lair:4)
  Sonja (Lair:1)
  Pikel (D:7)
  An orb spider (Lair:3)
  An oklob plant (D:9)
  A black mamba (Lair:4)
  Psyche (D:8)
  A torpor snail (Lair:3)
  2 spiny frogs
  A komodo dragon (Lair:1)
  A troll (D:9)
  A meliai (Lair:6)
  7 blink frogs
  2 redbacks (Lab)
  A shadow (Lab)
  14 yaks
  2 basilisks
  2 hungry ghosts (Lab)
  2 hippogriffs
  4 water moccasins
  2 porcupines
  2 hell hounds (D:9)
  An orc warrior (D:9)
  A slave (D:7)
  4 ice beasts
  A sky beast (D:9)
  7 ogres
  4 wolves
  2 phantoms
  A centaur (D:6)
  7 crocodiles
  6 giant frogs
  An earth elemental (Lab)
  A scorpion (D:5)
  5 killer bees
  3 wights (D:6)
  A howler monkey (D:9)
  4 jellies (D:9)
  A giant frog zombie (D:8)
  A centaur zombie (D:5)
  A hound (D:4)
  3 orc priests
  6 orc wizards
  4 iguanas
  4 worker ants
  5 hell rats
  27 sheep
  A worker ant zombie (D:8)
  12 adders
  4 river rats
  4 oozes
  An orc zombie (D:4)
  An adder skeleton (D:7)
  2 worms (D:2)
  2 dart slugs
  3 giant geckos
  37 orcs
  12 bats
  9 giant cockroaches
  12 goblins
  8 hobgoblins
  2 jackals (D:1)
  2 quokkas (D:6)
  2 ball pythons (D:2)
  5 giant newts
  16 kobolds
  A quokka skeleton (D:6)
  21 rats
  A fungus (Lair:5)
311 creatures vanquished.

Vanquished Creatures (collateral kills)
  A catoblepas (Lair:6)
  4 death yaks (Lair:4)
  An oklob plant (Lair:5)
  4 griffons
  3 elephants (Lair:6)
  2 black mambas
  5 spiny frogs
  A torpor snail (Lair:3)
  A komodo dragon (Lair:6)
  A polar bear (Lair:3)
  2 meliai (Lair:6)
  2 giant leeches (Lair:4)
  5 blink frogs
  17 yaks
  3 hippogriffs
  A hungry ghost (D:8)
  4 swamp worms
  10 water moccasins
  5 porcupines
  A sky beast (D:6)
  2 wolves (Lair:3)
  An ogre (D:8)
  6 crocodiles
  7 giant frogs
  A scorpion (Lair:2)
  13 killer bees
  2 electric eels
  A giant frog zombie (D:7)
  2 hounds
  4 jellies
  An orc wizard (D:4)
  An iguana (Lair:5)
  2 hell rats (Lair:5)
  3 worker ants (D:4)
  A sheep (Lair:6)
  7 river rats
  An adder (D:5)
  8 oozes (D:9)
  5 orcs
  A quokka (D:6)
  6 rats (D:8)
  A butterfly (Lair:5)
  9 fungi
  7 plants
165 creatures vanquished.

Vanquished Creatures (others)
  A catoblepas zombie (Lair:6)
  A meliai zombie (Lair:6)
  A griffon zombie (Lair:6)
  A black mamba zombie (Lair:4)
  8 flying skulls
  A spiny frog zombie (Lair:4)
  An ice beast (D:8)
  2 slaves (D:7)
  5 blink frog zombies
  A komodo dragon zombie (Lair:6)
  2 water moccasin zombies
  A killer bee (D:8)
  4 yak zombies
  A hippogriff zombie (D:9)
  A wight (Lair:2)
  2 wolf zombies (Lair:5)
  3 giant frog zombies
  A basilisk zombie (Lab)
  A giant frog skeleton (Lair:4)
  9 killer bee zombies
  A human zombie (D:8)
  5 crocodile zombies
  2 ogre zombies
  A hound zombie (D:7)
  A mummy (Lair:6)
  3 worker ant zombies
  A hell rat zombie (Lair:5)
  12 sheep zombies
  A giant gecko (D:7)
  6 river rat zombies
  A giant gecko zombie (D:5)
  A giant newt zombie (D:4)
  2 kobold zombies (D:6)
  3 orc skeletons
  11 orc zombies
  A quokka skeleton (D:6)
  3 rat zombies (D:8)
  A bush (Lair:2)
  19 fungi
  9 plants
131 creatures vanquished.

Grand Total: 607 creatures vanquished

Notes
Turn   | Place    | Note
-------+----------+-------------------------------------------
     0 | D:1      | Marenglen the High Elf Air Elementalist began the quest for the Orb.
     0 | D:1      | Reached XP level 1. HP: 11/11 MP: 4/4
   399 | D:1      | Reached XP level 2. HP: 12/17 MP: 3/6
   411 | D:1      | Reached skill level 4 in Air Magic
   529 | D:1      | Learned a level 2 spell: Swiftness
   906 | D:1      | Learned a level 2 spell: Repel Missiles
  1316 | D:1      | Reached XP level 3. HP: 21/21 MP: 4/7
  2245 | D:2      | Found a basalt altar of Yredelemnul.
  2256 | D:2      | Reached XP level 4. HP: 24/27 MP: 8/8
  2257 | D:2      | Reached skill level 5 in Air Magic
  2391 | D:2      | Became a worshipper of Yredelemnul the Dark
  3109 | D:3      | Reached skill level 1 in Invocations
  3482 | D:4      | Reached XP level 5. HP: 27/31 MP: 4/9
  3587 | D:4      | Reached * piety under Yredelemnul
  3670 | D:4      | Reached skill level 1 in Long Blades
  3681 | D:4      | Noticed a phantom
  3720 | D:4      | Killed a phantom
  3720 | D:4      | Reached skill level 6 in Air Magic
  3980 | D:4      | Reached XP level 6. HP: 36/36 MP: 7/10
  4297 | D:4      | Found a shimmering altar of Xom.
  4301 | D:4      | Found a shimmering altar of Xom.
  4302 | D:4      | Found a shimmering altar of Xom.
  4302 | D:4      | Found a shimmering altar of Xom.
  4302 | D:4      | Found a shimmering altar of Xom.
  4307 | D:4      | Found a shimmering altar of Xom.
  4307 | D:4      | Found a shimmering altar of Xom.
  4361 | D:4      | Reached skill level 7 in Air Magic
  4377 | D:4      | Reached XP level 7. HP: 36/41 MP: 5/11
  4554 | D:5      | Entered Level 5 of the Dungeon
  4891 | D:5      | Found an opulent altar of Gozag.
  4984 | D:5      | HP: 2/41 [something (5)]
  5347 | D:5      | Found a sacrificial altar of Ru.
  5591 | D:5      | Learned a level 5 spell: Lightning Bolt
  5694 | D:5      | Found a shattered altar of Ashenzari.
  5730 | D:5      | Found a snail-covered altar of Cheibriados.
  5859 | D:6      | Reached skill level 8 in Air Magic
  6003 | D:6      | Found an iron altar of Okawaru.
  6045 | D:6      | Reached skill level 5 in Dodging
  6238 | D:6      | Reached ** piety under Yredelemnul
  6238 | D:6      | Reached XP level 8. HP: 40/46 MP: 9/12
  6729 | D:6      | Reached skill level 1 in Charms
  7119 | D:7      | Found a shimmering altar of Xom.
  7157 | D:7      | Found a staircase to the Ecumenical Temple.
  7243 | D:7      | Reached skill level 1 in Fighting
  7476 | D:7      | Noticed Pikel
  7491 | D:7      | Killed Pikel
  7491 | D:7      | Reached skill level 5 in Invocations
  7765 | D:7      | Reached skill level 5 in Conjurations
  7765 | D:7      | Reached XP level 9. HP: 57/57 MP: 11/14
  8323 | D:8      | Noticed Psyche
  8330 | D:8      | Killed Psyche
  8330 | D:8      | Reached skill level 5 in Fighting
  8451 | D:8      | Found a hazy altar of Hepliaklqana.
  8453 | D:8      | Found an oddly glowing altar of Pakellas.
  9051 | D:8      | Found a shadowy altar of Dithmenos.
  9052 | D:8      | Found a shimmering altar of Xom.
  9064 | D:8      | Found a sparkling altar of Nemelex Xobeh.
  9178 | D:8      | Your ally Psyche died
  9588 | D:9      | Reached *** piety under Yredelemnul
 10365 | D:9      | Found a staircase to the Orcish Mines.
 10559 | D:9      | Reached XP level 10. HP: 66/66 MP: 10/16
 10580 | D:9      | Learned a level 3 spell: Static Discharge
 10682 | D:9      | Found a deep blue altar of Sif Muna.
 10694 | D:9      | Found an ancient bone altar of Kikubaaqudgha.
 10709 | D:9      | Found a radiant altar of Vehumet.
 10812 | D:9      | Got a steaming plate armour
 10864 | D:9      | Received a gift from Yredelemnul (3 flying skulls)
 10925 | D:9      | Found a staircase to the Lair.
 10953 | D:9      | Got a crystal great sword
 10969 | D:9      | Noticed an oklob plant
 11004 | D:9      | Killed an oklob plant
 11093 | Lair:1   | Entered Level 1 of the Lair of Beasts
 11174 | Lair:1   | Found a labyrinth entrance.
 11192 | Lab      | Entered a labyrinth
 11285 | Lab      | Got a warped scale mail
 11702 | Lab      | Reached skill level 9 in Air Magic
 12257 | Lab      | Noticed a minotaur
 12266 | Lab      | Killed a minotaur
 12266 | Lab      | Reached skill level 5 in Long Blades
 12272 | Lab      | Got a heavily runed leather armour
 12340 | Lab      | Identified the Almanac of the Shifting Entourage
 12340 | Lab      | Identified the Handbook of Enchanting Cold
 12341 | Lab      | Got a faintly glowing amethyst amulet
 12362 | Lab      | Identified the +1 leather armour of the Moon {+Inv +Fly MR+ Dex-2} (You took it off a minotaur in a labyrinth)
 12751 | Lair:1   | Noticed Sonja
 12756 | Lair:1   | Killed Sonja
 12756 | Lair:1   | Reached XP level 11. HP: 57/74 MP: 18/18
 13892 | Lair:2   | Received a gift from Yredelemnul (a wight)
 14159 | Lair:2   | Noticed a griffon
 14166 | Lair:2   | Killed a griffon
 14837 | Lair:2   | Found a snail-covered altar of Cheibriados.
 14838 | Lair:2   | Noticed an oklob plant
 15307 | Lair:3   | Received a gift from Yredelemnul (3 flying skulls)
 15630 | Lair:3   | Found a hole to the Spider Nest.
 15630 | Lair:3   | Noticed an orb spider
 15634 | Lair:3   | Killed an orb spider
 15634 | Lair:3   | Reached skill level 10 in Long Blades
 16030 | Lair:3   | Reached **** piety under Yredelemnul
 16188 | Lair:3   | Reached skill level 10 in Air Magic
 16341 | Lair:3   | Identified the +6 great sword of Spores {holy, Dex+3} (You found it on level 9 of the Dungeon)
 16929 | Lair:4   | Noticed a six-headed hydra
 16934 | Lair:4   | Noticed a griffon
 17032 | Lair:4   | Reached skill level 5 in Spellcasting
 17177 | Lair:4   | Killed a griffon
 17397 | Lair:4   | Identified the amulet of Foronkid {Faith +Inv rC- Str+5 Stlth+} (You found it in a labyrinth)
 17634 | Lair:4   | Reached XP level 12. HP: 47/82 MP: 21/21
 18048 | Lair:4   | Received a gift from Yredelemnul (a mummy)
 18484 | Lair:4   | Noticed a death yak
 18494 | Lair:4   | Noticed a death yak
 18496 | Lair:4   | Noticed a death yak
 18496 | Lair:4   | Noticed a death yak
 18497 | Lair:4   | Noticed a death yak
 18500 | Lair:4   | Killed a death yak
 18500 | Lair:4   | Reached skill level 11 in Air Magic
 18506 | Lair:4   | Killed a death yak
 18511 | Lair:4   | Killed a death yak
 18514 | Lair:4   | Killed a death yak
 18515 | Lair:4   | Killed a death yak
 18701 | Lair:4   | Found a staircase to the Swamp.
 18707 | Lair:4   | Received a gift from Yredelemnul (2 flying skulls)
 19171 | Lair:5   | Found a staircase to the Slime Pits.
 19709 | Lair:5   | Reached skill level 12 in Air Magic
 19720 | Lair:5   | Learned a level 6 spell: Freezing Cloud
 19837 | Lair:5   | Reached skill level 1 in Ice Magic
 20368 | Lair:5   | Reached ***** piety under Yredelemnul
 20650 | Lair:5   | Identified a +1 rod of inaccuracy (10/10) (You found it on level 3 of the Lair of Beasts)
 21100 | Lair:6   | Entered Level 6 of the Lair of Beasts
 21529 | Lair:6   | Noticed a catoblepas
 21538 | Lair:6   | Killed a catoblepas
 21552 | Lair:6   | Reached skill level 5 in Ice Magic
 21586 | Lair:6   | Noticed a six-headed hydra
 22138 | Orc:1    | Entered Level 1 of the Orcish Mines
 22169 | Orc:1    | HP: 1/82 [orc sorcerer/bolt of negative energy (18)]
 22170 | Orc:1    | Slain by a troll

Vault maps used:
D:1:      minmay_arrival_up_and_down, hangedman_decor_lopped,
          kennysheep_crisscross, hangedman_feature_mirror, minmay_hexomino_p4
D:2:      yredelemnul_altar_generic, first_bread
D:4:      nicolae_xom_altar_mimics
D:5:      kennysheep_mini, lemuel_coloured_pillars_altar, basic_altar,
          nicolae_gozag_seed_capital
D:6:      okawaru_metal_pillars_1_2, minmay_unpleasant_kobolds
D:7:      basic_altar, grunt_ogre_cave, minmay_misc_feat_plants,
          roderic_lattice_a, uniq_pikel
D:8:      lemuel_ratsnest, nicolae_overflow_hidden_temple,
          serial_bayou_crossing, uniq_psyche
D:9:      lemuel_slime, palyth_temple_overflow_mages, minmay_lair_entry_lava,
          hiddenorc1_lemuel
Lair:1:   lab_entry_generic, st_stairs_8, uniq_sonja
Lair:2:   lemuel_oklob_altar, grunt_megastairs_4
Lair:3:   nicolae_spider_entry_orb_guardian, minmay_hedge_maze,
          lemuel_fruit_tree, lemuel_fruit_fields
Lair:4:   minmay_swamp_entry_worms, serial_bayou_shore_b
Lair:5:   slime_dummy, lemuel_fruit_fields, infiniplex_staircase_pool_2,
          grunt_megastairs_1
Lair:6:   evilmike_catoblepas_cave, special_room, grunt_megastairs_3,
          infiniplex_staircase_pool, serial_bayou_shore_b
Orc:1:    nicolae_orc_lava_room
Lab:      labyrinth_watery, nicolae_lab_checkerboard, labyrinth_fake_exit,
          lab_block, nicolae_lab_diamond

Skill      XL: |  1  2  3  4  5  6  7  8  9 10 11 12 |
---------------+-------------------------------------+-----
Air Magic      | 4 5 6 7 8 9 10 12 | 12.0
Conjurations   | 2 3 5 7 9 |  9.0
Invocations    | 1 2 3 5 7 9 |  9.1
Long Blades    | 2 6 10 | 10.0
Dodging        | 3 5 7 |  7.3
Charms         | 2 |  2.2
Fighting       | 3 5 6 7 |  7.9
Spellcasting   | 5 8 |  8.0
Ice Magic      | 5 |  5.7
Stealth        | |  2.1

Action                   |  1- 3 |  4- 6 |  7- 9 | 10-12 || total
-------------------------+-------+-------+-------+-------++-------
Melee: Unarmed           |     6 |       |       |       ||     6
       Mace              |    47 |    38 |       |       ||    85
       Long sword        |       |    49 |   331 |   575 ||   955
Throw: Javelin           |       |       |     1 |     7 ||     8
       Tomahawk          |       |       |     3 |       ||     3
 Cast: Shock             |    68 |   104 |   135 |   181 ||   488
       Repel Missiles    |     1 |       |     1 |       ||     2
       Swiftness         |       |       |     1 |     3 ||     4
       Lightning Bolt    |       |       |    14 |    48 ||    62
       Freezing Cloud    |       |       |       |     2 ||     2
Invok: Animate Remains   |       |     9 |    38 |       ||    47
       Recall Undead Sla |       |       |     3 |    18 ||    21
       Injury Mirror     |       |       |     1 |     3 ||     4
       Animate Dead      |       |       |     5 |    66 ||    71
       Drain Life        |       |       |       |     3 ||     3
Evoke: Wand              |       |       |     5 |    12 ||    17
  Use: Scroll            |     5 |     4 |     6 |    15 ||    30
       Potion            |       |       |     6 |     5 ||    11
 Stab: Sleeping          |       |     1 |     1 |     3 ||     5
       Distracted        |       |       |       |     4 ||     4
       Petrified         |       |       |       |     4 ||     4
       Petrifying        |       |       |       |     1 ||     1
  Eat: Chunk             |     5 |     9 |    18 |    17 ||    49
       Royal jelly       |       |       |     2 |       ||     2
       Meat ration       |       |       |     2 |     3 ||     5
       Bread ration      |       |       |     2 |     9 ||    11
       Fruit             |       |       |       |     1 ||     1
       Beef jerky        |       |       |       |     1 ||     1
Armor: Robe              |    12 |    28 |    56 |   107 ||   203
Dodge: Dodged            |    48 |    72 |   205 |   370 ||   695
       Deflected         |       |     5 |     5 |     4 ||    14
